[Event "*** Titled Tuesday Blitz AM"]
[Site "Chess.com"]
[Date "2020.01.07"]
[Round "8"]
[White "RojonR"]
[Black "Witik"]
[Result "0-1"]
[WhiteElo "2462"]
[BlackElo "2671"]
[TimeControl "180+2"]
[EndTime "10:50:00 PST"]
[Termination "Witik won by resignation"]

1. e4 c6 2. d4 d5 3. e5 Bf5 4. Ne2 e6 5. Ng3 Bg6 6. h4 f6 7. h5 Bf7 8. Bd3 c5 9. c3 Nc6 10. Qa4 fxe5 11. dxe5 Qc7 12. f4 c4 13. Be2 Bc5 14.
Na3 Ne7 15. Nb5 Qd7 16. b4 cxb3 17. axb3 O-O 18. b4 Bb6 19. Nd6 Nc8 20. b5 Na5 21.
Ba3 Nxd6 22. Bxd6 Rfc8 23. Bb4 Nc4 24. Nf1 Be8 25. Rd1 a6 26. f5 axb5 27. Qc2 exf5 28. Bd3 Qe6 29. Qe2 Nxe5 30. Ng3 Nxd3+ 31. Rxd3 Ra1+ 32.
Kd2 Ra2+ 0-1

[Event "*** Titled Tuesday Blitz AM"]
[Site "Chess.com"]
[Date "2020.01.07"]
[Round "8"]
[White "FMAntonio"]
[Black "PaulfromSPb"]
[Result "1-0"]
[WhiteElo "2512"]
[BlackElo "2651"]
[TimeControl "180+2"]
[EndTime "10:50:01 PST"]
[Termination "FMAntonio won by resignation"]

1. d4 Nf6 2. c4 e6 3. Nc3 Bb4 4. e3 O-O 5. Bd3 c5 6. Nf3 d5 7. O-O Nc6 8. cxd5 exd5 9. dxc5 Bxc5 10. h3 Re8 11. b3 d4 12. Na4 Bd6 13. exd4 Nb4 14.
Bg5 Nxd3 15. Qxd3 h6 16. Bh4 Bd7 17. Rae1 Rxe1 18. Rxe1 Bc6 19. Nc3 Bb4 20. Ne5 Rc8 21.
Nxf7 Qf8 22. Nxh6+ gxh6 23. Re6 Qg7 24. d5 Bxc3 25.
dxc6 Ba1 26. cxb7 Rc1+ 27. Kh2 Qc7+ 28. Qg3+ Qxg3+ 29. Bxg3 Nd7 30. Rd6 Rc7 31. Rxd7 Rxd7 32. b8=Q+ Kf7 33. Qf4+ Kg6 1-0

[Event "*** Titled Tuesday Blitz AM"]
[Site "Chess.com"]
[Date "2020.01.07"]
[Round "8"]
[White "sandromareco"]
[Black "OneTrickPony_82"]
[Result "1-0"]
[WhiteElo "2777"]
[BlackElo "2422"]
[TimeControl "180+2"]
[EndTime "10:50:01 PST"]
[Termination "sandromareco won by resignation"]

1. d4 Nf6 2. Nf3 d5 3. Bf4 c5 4. e3 Nc6 5. c3 Qb6 6. Qb3 c4 7. Qc2 Bf5 8. Qc1 Nh5 9. Bg5 f6 10. Bh4 g5 11. Bg3 Bg7 12. Nbd2 Nxg3 13. hxg3 h5 14.
Be2 g4 15. Nh4 Bh7 16. Bd1 e5 17. Bc2 Bd3 18. Nf5 Kf7 19. Bxd3 cxd3 20. Nb3 e4 21. Nc5 Bf8 22. b4 Qc7 23. Qb2 b6 24. Qb3 Rd8 25. Nxe4 Qd7 26. Nh4 Kg7 27. Nd2 Ne7 28. Qb1 Rc8 29.
Qxd3 f5 30. O-O Kf6 31. f3 Bh6 32. e4 Bg5 33. Nxf5 Nxf5 34. fxg4 hxg4 35. Rxf5+ Kg6 36. Rxd5 Rxc3 37. Qxc3 Qh7 38. Qc6+ Bf6 39. Rf5 Qh1+ 40. Kf2 1-0

[Event "*** Titled Tuesday Blitz AM"]
[Site "Chess.com"]
[Date "2020.01.07"]
[Round "8"]
[White "Alopekos"]
[Black "lrestevez"]
[Result "0-1"]
[WhiteElo "2433"]
[BlackElo "2136"]
[TimeControl "180+2"]
[EndTime "10:50:09 PST"]
[Termination "lrestevez won by resignation"]

1. d4 Nf6 2. c4 e5 3. dxe5 Ng4 4.
Bf4 g5 5. Bg3 Bg7 6. Nc3 Nxe5 7.
e3 d6 8. h4 g4 9. h5 h6 10.
Nge2 Nbc6 11. Nf4 Bf5 12. Nfd5 Qd7 13. Qd2 Ne7 14. Nf4 O-O-O 15. O-O-O Bh7 16. Bh4 Rde8 17. Ncd5 Nxd5 18. Nxd5 Qf5 19. Nc3 Kb8 20. e4 Qd7 21. c5 Re6 22. Qf4 Qc8 23. cxd6 cxd6 24. Kb1 Rhe8 25. Nd5 Qc5 26. Rc1 Qxd5 27. Ka1 Qxe4 28.
Qxe4 Bxe4 29. Bg3 Bc6 30. Bc4 Nxc4 0-1

[Event "*** Titled Tuesday Blitz AM"]
[Site "Chess.com"]
[Date "2020.01.07"]
[Round "8"]
[White "econpower"]
[Black "sergeikim"]
[Result "1-0"]
[WhiteElo "2615"]
[BlackElo "2443"]
[TimeControl "180+2"]
[EndTime "10:50:10 PST"]
[Termination "econpower won on time"]

1. c4 e5 2. g3 Nc6 3. Bg2 Nf6 4.
Nc3 Bb4 5. Nd5 a5 6. e3 O-O 7. Ne2 Re8 8. O-O Bf8 9. d3 d6 10. h3 Nxd5 11. cxd5 Ne7 12. f4 exf4 13. gxf4 Nf5 14.
e4 Nh4 15. Bh1 Bxh3 16. Rf2 f5 17. Nd4 Bg4 18. Qc2 Qf6 19. Be3 Rac8 20. Rh2 Ng6 21. Qf2 c5 22. Ne6 fxe4 23. dxe4 Bxe6 24. dxe6 Be7 25.
Rd1 Rf8 26. f5 Ne5 27. Qe2 c4 28. Bd4 Qg5+ 29. Rg2 Qh4 30. Rh2 Qg5+ 31. Bg2 b5 32. Kh1 b4 33. Rg1 Ng4 34. Bh3 h5 35. Bxg4 hxg4 36. Rxg4 Qc1+ 37. Rg1 1-0

[Event "*** Titled Tuesday Blitz AM"]
[Site "Chess.com"]
[Date "2020.01.07"]
[Round "8"]
[White "Atakishiyev04"]
[Black "Fandorine"]
[Result "1-0"]
[WhiteElo "2716"]
[BlackElo "2861"]
[TimeControl "180+2"]
[EndTime "10:50:12 PST"]
[Termination "Atakishiyev04 won by resignation"]

1. d4 Nf6 2. c4 g6 3. Nc3 d5 4.
cxd5 Nxd5 5. e4 Nxc3 6. bxc3 Bg7 7. Bc4 c5 8. Ne2 O-O 9. Be3 Nc6 10. Rc1 b6 11. h4 e6 12. h5 Bb7 13. hxg6 hxg6 14.
Qd2 cxd4 15. cxd4 Rc8 16. Bh6 Bxd4 17. Nxd4 Qxd4 18. Qxd4 Nxd4 19. Bxf8 Rxf8 20. f3 Kg7 21. Kf2 Rd8 22. Rhd1 e5 23. Bxf7 Bxe4 24. fxe4 Kxf7 25. Rc7+ Kf6 26. Rxa7 Rc8 27. Rd2 Kg5 28. g3 Kg4 29. Ra6 Rc3 30. Rxb6 g5 31. Rf6 Rxg3 32. Kf1 Rh3 33.
Rg2+ Kh5 34. Rf8 Kg6 35. Rg8+ Kf6 36. R2xg5 Ne6 37. Rf5+ Ke7 38. a4 Ra3 39. Ra8 Nd4 40.
Ra7+ Kd6 41. Ra6+ Kc5 42. Rxe5+ Kc4 43. Rd5 Kd3 44. Rad6 Rxa4 45. Rxd4+ Rxd4 46. e5 1-0

[Event "*** Titled Tuesday Blitz AM"]
[Site "Chess.com"]
[Date "2020.01.07"]
[Round "8"]
[White "TBergh98"]
[Black "2nd_life"]
[Result "0-1"]
[WhiteElo "2353"]
[BlackElo "2493"]
[TimeControl "180+2"]
[EndTime "10:50:12 PST"]
[Termination "2nd_life won by resignation"]

1. d4 Nf6 2. Bg5 e6 3. e4 h6 4.
Bxf6 Qxf6 5. Nf3 d6 6. Nc3 a6 7. Qd2 Qd8 8. O-O-O Nd7 9. e5 d5 10. Ne2 Be7 11. Kb1 c5 12. c3 b5 13. h4 b4 14.
cxb4 c4 15. g4 Rb8 16. Nc3 Bxb4 17. Ka1 g6 18. Be2 Nb6 19. Qc2 Bd7 20. Rc1 Qe7 21. h5 g5 22. Nd2 a5 23. Ndb1 a4 24. a3 Ba5 25. Rhf1 Kd8 26. f4 gxf4 27. Rxf4 Be8 28.
Rcf1 Rb7 29. Rf6 Nd7 30. Qxa4 Bxc3 31. Nxc3 Nxf6 32. Qa8+ Kc7 33. exf6 Qd6 34. Bf3 Qb6 35.
Rf2 Qxd4 36. Bxd5 Ra7 37. Qxa7+ Qxa7 38. Bxe6 Qxf2 0-1

[Event "*** Titled Tuesday Blitz AM"]
[Site "Chess.com"]
[Date "2020.01.07"]
[Round "8"]
[White "dolynachess"]
[Black "kinga2008"]
[Result "1-0"]
[WhiteElo "2355"]
[BlackElo "1850"]
[TimeControl "180+2"]
[EndTime "10:50:13 PST"]
[Termination "dolynachess won by resignation"]

1. d4 g6 2. c4 Bg7 3. Nf3 Nf6 4.
Nc3 O-O 5. e4 d6 6. Be2 e5 7. d5 Ne8 8. Be3 f5 9. Bg5 Bf6 10.
Bxf6 Nxf6 11. Nd2 Nbd7 12. b4 a5 13. a3 axb4 14. axb4 Rxa1 15. Qxa1 Nxe4 16. Ndxe4 fxe4 17. Nxe4 Nf6 18. Nxf6+ Qxf6 19. O-O Qf4 20. Qc3 b6 21. c5 bxc5 22. bxc5 Qd4 23. Qxd4 exd4 24. cxd6 cxd6 25.
Rd1 Re8 26. Kf1 Re5 27. Rxd4 Bb7 28. Bc4 Kf7 29. f4 Re3 30. Bd3 Kf6 31. Kf2 Re7 32.
Be2 Rc7 33. Bf3 Rc2+ 34. Kg3 Rc3 35. Kh4 h6 36. Rb4 Bc8 37. Rb6 g5+ 38. Kh5 gxf4 39.
Rxd6+ Ke5 40. Rc6 Rxc6 41. dxc6 Be6 42. Kxh6 Bf5 43. Kg7 Kd6 44. h4 Bd3 45. h5 Bb5 1-0

[Event "*** Titled Tuesday Blitz AM"]
[Site "Chess.com"]
[Date "2020.01.07"]
[Round "8"]
[White "vinniethepooh"]
[Black "manmanlai1"]
[Result "1/2-1/2"]
[WhiteElo "2597"]
[BlackElo "2383"]
[TimeControl "180+2"]
[EndTime "10:50:18 PST"]
[Termination "Game drawn by repetition"]

1. d4 d5 2. c4 e6 3. Nc3 a6 4. cxd5 exd5 5. Nf3 c6 6. Bf4 Bd6 7. Bxd6 Qxd6 8. e3 Bf5 9. Qb3 Qe7 10. Na4 Nf6 11.
Nb6 Ra7 12. Bd3 Be6 13. O-O O-O 14. a4 Nbd7 15. a5 Nxb6 16. Qxb6 Raa8 17. Ne5 Ne8 18. Qc5 Nd6 19. b4 Rad8 20. Qc2 Qh4 21. g3 Qh3 22.
Rfe1 Bf5 23. Bxf5 Nxf5 24. Qe2 Nd6 25. Qg4 Qh6 26. Qf4 Qe6 27. Nd3 Rfe8 28. Nc5 Qc8 29. Re2 Re7 30. Rae1 Rde8 31. Kg2 Qd8 32. h4 Ne4 33. f3 Nc3 34. Rc2 Nb5 35. h5 Qd6 36. Qg4 Qf6 37. Nd7 Qd6 38. Nc5 h6 39. Kf2 Qf6 40. Nd7 Qd6 41. Nc5 Qf6 42. Nd7 Qd6 43. Nc5 1/2-1/2

[Event "*** Titled Tuesday Blitz AM"]
[Site "Chess.com"]
[Date "2020.01.07"]
[Round "8"]
[White "Peroncio"]
[Black "Mr_Sinigami"]
[Result "1-0"]
[WhiteElo "2757"]
[BlackElo "2556"]
[TimeControl "180+2"]
[EndTime "10:50:19 PST"]
[Termination "Peroncio won by resignation"]

1. Nf3 Nf6 2. g3 d5 3. Bg2 Bf5 4. O-O e6 5. b3 h6 6. Bb2 Be7 7. d3 O-O 8. Nbd2 c6 9. Re1 Nbd7 10. e4 Bh7 11. Qe2 a5 12. a3 Nc5 13. Ne5 Re8 14.
Rad1 Qc7 15. h4 Rad8 16. a4 Na6 17. Ng4 Nxg4 18. Qxg4 Bf8 19. Nf3 dxe4 20. dxe4 Nb4 21. Rxd8 Rxd8 22. Re2 Rd1+ 23. Kh2 Rb1 24. Be5 Qc8 25. Rd2 Rc1 26. Bf6 h5 27. Qg5 Bg6 28.
Bc3 Rxc2 29. Bxb4 Rxd2 30. Bxd2 Qd7 31. Ne5 Qd3 32. Nxg6 fxg6 33. Qe3 Qc2 34. Qc3 Qxc3 35. Bxc3 Bb4 36. Bxb4 axb4 37. e5 Kf7 38. f4 Ke7 39.
Be4 Kf7 40. Kg2 1-0

[Event "*** Titled Tuesday Blitz AM"]
[Site "Chess.com"]
[Date "2020.01.07"]
[Round "8"]
[White "WelshTiger"]
[Black "Sjakkerntobi"]
[Result "1-0"]
[WhiteElo "2387"]
[BlackElo "2263"]
[TimeControl "180+2"]
[EndTime "10:50:21 PST"]
[Termination "WelshTiger won by checkmate"]

1. e4 c5 2. Nf3 e6 3. d4 cxd4 4. Nxd4 Nc6 5. Nb5 d6 6. c4 Nf6 7. N1c3 a6 8. Na3 Be7 9. Be2 O-O 10. O-O b6 11. Be3 Bb7 12. Qb3 Nd7 13. Rad1 Qc7 14. Rc1 Nc5 15. Qc2 Rac8 16. Nab1 Rfd8 17. a3 Bf6 18. f4 Nd4 19. Qd1 Nxe2+ 20. Qxe2 Nb3 21. Rcd1 Qxc4 22. Qxc4 Rxc4 23. Bxb6 Bd4+ 24. Bxd4 Rxd4 25.
Rxd4 Nxd4 26. Rd1 Nb3 27. Nd2 Nc5 28. Kf2 Kf8 29. Ke3 Ke7 30. Rc1 d5 31. exd5 exd5 32. Ne2 Ne6 33. Nd4 Nxd4 34. Kxd4 Rc8 35. Rxc8 Bxc8 36.
Nb3 Kd6 37. Nc5 a5 38. b4 axb4 39. axb4 h6 40. g3 g5 41. b5 gxf4 42. gxf4 Be6 43.
b6 Kc6 44. b7 Kc7 45. Ke5 Bh3 46. Kxd5 Bg2+ 47. Ke5 Bf1 48. h4 h5 49. Kf6 Bc4 50. Ne4 Bd5 51. Nd6 Bf3 52. Kxf7 Bg4 53. Ke7 Bh3 54. f5 Kb8 55. f6 Bg4 56. f7 Ka7 57.
f8=Q Be2 58. Qa8+ Kb6 59. b8=Q+ Kc5 60. Qc7+ Kd4 61. Qe4# 1-0

[Event "*** Titled Tuesday Blitz AM"]
[Site "Chess.com"]
[Date "2020.01.07"]
[Round "8"]
[White "MartinMatthiesen"]
[Black "allvim"]
[Result "0-1"]
[WhiteElo "2554"]
[BlackElo "2361"]
[TimeControl "180+2"]
[EndTime "10:50:36 PST"]
[Termination "allvim won by checkmate"]

1. d4 Nf6 2. c4 g6 3. g3 Bg7 4. Bg2 d5 5. cxd5 Nxd5 6. Nf3 O-O 7. O-O Nc6 8. Nc3 Nb6 9. e3 Bg4 10. h3 Bxf3 11. Qxf3 e5 12. d5 Ne7 13. e4 c6 14. Rd1 cxd5 15. exd5 f5 16. d6 Nc6 17. Be3 Kh8 18. Qe2 e4 19. Nd5 Ne5 20. Nc7 Nd3 21.
Nxa8 Qxa8 22. Rab1 Qd8 23. Rxd3 exd3 24. Qxd3 Rf6 25. Rd1 Rf7 26. b3 Rd7 27. Bf4 g5 28. Bc1 Qf6 29. Ba3 h6 30. Re1 Rd8 31. Re7 Nc8 32.
Rxb7 Nxd6 33. Rxa7 Ne4 34. Qc2 Qd4 35. Bxe4 Qxa7 36. Bb2 fxe4 37. Bxg7+ Kxg7 38. Qxe4 Rd1+ 39. Kh2 Qf7 40. Qe3 Qf6 41. a4 Qc6 42. Qe7+ Kg8 43. g4 Qh1+ 44. Kg3 Rg1# 0-1

[Event "*** Titled Tuesday Blitz AM"]
[Site "Chess.com"]
[Date "2020.01.07"]
[Round "8"]
[White "capatl"]
[Black "boasovietica"]
[Result "0-1"]
[WhiteElo "2608"]
[BlackElo "2465"]
[TimeControl "180+2"]
[EndTime "10:50:37 PST"]
[Termination "boasovietica won by resignation"]

1. c4 c5 2. Nc3 Nc6 3. g3 e5 4. Bg2 g6 5. e3 Bg7 6. Nge2 Nge7 7. d3 d6 8. O-O O-O 9. Rb1 Rb8 10. a3 a5 11. Nd5 b5 12. cxb5 Rxb5 13. Qa4 Rb8 14.
Bd2 Bd7 15. Nxe7+ Nxe7 16. Qxa5 Qc8 17. Qc3 e4 18. Qc2 exd3 19. Qxd3 Bb5 20. Qxd6 Rd8 21.
Qxe7 Rxd2 22. Nc3 Bxf1 23. Bxf1 Rbxb2 24. Rxb2 Rxb2 25. Nd5 Rb8 26. Bc4 Qh3 27. Nb6 Qf5 28. Kg2 Bf8 29. Qc7 Rxb6 30. Bxf7+ Qxf7 31. Qxb6 Qd5+ 32. Kh3 c4 33. a4 c3 34. Qc7 Qf5+ 35. Kg2 Qe4+ 36.
Kh3 Qf5+ 37. Kg2 Qc5 38. Qb7 c2 39. Qb3+ Kg7 40. Qb2+ Kh6 41. Qxc2 Qxc2 0-1

[Event "*** Titled Tuesday Blitz AM"]
[Site "Chess.com"]
[Date "2020.01.07"]
[Round "8"]
[White "Megagigahiper3345"]
[Black "lestri"]
[Result "1-0"]
[WhiteElo "2462"]
[BlackElo "2589"]
[TimeControl "180+2"]
[EndTime "10:50:37 PST"]
[Termination "Megagigahiper3345 won by resignation"]

1. d4 d6 2. c4 e5 3. d5 a5 4.
Nc3 Na6 5. e4 Nf6 6. Bd3 c6 7.
Bc2 cxd5 8. cxd5 Bd7 9. a4 Nc5 10. Nge2 Be7 11. Be3 Rc8 12. O-O Ng4 13. Bc1 Bg5 14.
h3 Bxc1 15. Qxc1 Nf6 16. Qe3 O-O 17. Rab1 Qb6 18. Kh1 Rc7 19. f4 Nxa4 20. Qg3 exf4 21. Qxf4 Nxc3 22. bxc3 Qc5 23. Qg3 Nh5 24. Qh4 g6 25. Bd3 Qe3 26. Rf3 Qd2 27. Rbf1 Ba4 28. g4 Bd1 29. gxh5 Bxe2 30. Bxe2 Qxe2 31. hxg6 hxg6 32.
R1f2 Qe1+ 33. Kg2 Re8 34. Rf4 Rce7 35. Qf6 Rd7 36. Rh4 1-0

[Event "*** Titled Tuesday Blitz AM"]
[Site "Chess.com"]
[Date "2020.01.07"]
[Round "8"]
[White "Komissarov_alex"]
[Black "ChessFunMaker"]
[Result "0-1"]
[WhiteElo "1756"]
[BlackElo "2353"]
[TimeControl "180+2"]
[EndTime "10:50:39 PST"]
[Termination "ChessFunMaker won on time"]

1. d4 Nf6 2. Nf3 g6 3. e3 Bg7 4. Be2 O-O 5. c4 d6 6. Nc3 Nbd7 7. Qc2 e5 8. b3 c6 9. Ba3 exd4 10. Nxd4 Nc5 11.
O-O Qc7 12. Rfd1 a5 13. Rac1 Re8 14. Bf3 Bg4 15. Bxg4 Nxg4 16. h3 Ne5 17. Bb2 f5 18.
Qe2 Kh8 19. Nf3 a4 20. Nxe5 dxe5 21. b4 a3 22. Ba1 Ne6 23. Nd5 cxd5 24. cxd5 Qe7 25.
dxe6 Qxe6 26. Qb5 Re7 27. Qd5 Qg8 28. Qd6 Qe8 0-1

[Event "*** Titled Tuesday Blitz AM"]
[Site "Chess.com"]
[Date "2020.01.07"]
[Round "8"]
[White "DanielNaroditsky"]
[Black "severomorskij"]
[Result "1/2-1/2"]
[WhiteElo "3077"]
[BlackElo "2899"]
[TimeControl "180+2"]
[EndTime "10:50:44 PST"]
[Termination "Game drawn by repetition"]

1. d4 Nf6 2. Nc3 d5 3. Bf4 Bf5 4. e3 e6 5. Nf3 Bd6 6. Ne5 h6 7. g4 Bh7 8. h4 Ne4 9. Nxe4 Bxe4 10. f3 Bh7 11. g5 Nd7 12. gxh6 gxh6 13. Qd2 Nxe5 14. dxe5 Be7 15. O-O-O h5 16. Rg1 c6 17.
Bg5 Qc7 18. Bxe7 Qxe7 19. Rg5 O-O-O 20. Bd3 Bxd3 21. Qxd3 Kb8 22. Kb1 a6 23. Rdg1 c5 24. c3 Ka7 25. f4 Ka8 26. Qd1 d4 27. exd4 cxd4 28. Qd3 dxc3 29. Qxc3 Rc8 30. Qf3 Rhd8 31. a3 Rd2 32. R5g2 Qd7 33. Rxd2 Qxd2 34. Rg2 Qc1+ 35.
Ka2 Qc4+ 36. Kb1 Qc1+ 37. Ka2 Qc4+ 38. Kb1 Qc1+ 1/2-1/2

[Event "*** Titled Tuesday Blitz AM"]
[Site "Chess.com"]
[Date "2020.01.07"]
[Round "8"]
[White "esskeettit"]
[Black "IMRosen"]
[Result "1-0"]
[WhiteElo "2480"]
[BlackElo "2563"]
[TimeControl "180+2"]
[EndTime "10:50:44 PST"]
[Termination "esskeettit won by resignation"]

1. d4 Nf6 2. c4 e5 3. dxe5 Ng4 4.
Nh3 Nxe5 5. e3 Ng6 6. Nc3 Nc6 7.
Nf4 Nxf4 8. exf4 Bc5 9. Bd3 Qe7+ 10. Ne2 O-O 11. O-O d6 12. a3 a5 13. Nc3 Qh4 14. Nd5 Bg4 15. Qc2 Nd4 16. Qa4 Nf3+ 17. gxf3 Bxf3 18.
Bf5 g6 19. Qb3 Bxd5 20. cxd5 gxf5 21. Qg3+ Qxg3+ 22. hxg3 Rfe8 23. Bd2 Re2 24. Bc3 a4 25.
Rae1 Rae8 26. Rxe2 Rxe2 27. Kg2 h6 28. Kf3 Re8 29. Rh1 Kh7 30. Bf6 Kg6 31. Bc3 h5 32.
Rc1 Re4 33. Rd1 Rb4 34. axb4 Bb6 35. Bd4 c5 36. dxc6 a3 37. bxa3 Bxd4 38. Rxd4 bxc6 39.
Rxd6+ f6 40. Rxc6 h4 41. gxh4 Kh5 42. a4 1-0

[Event "*** Titled Tuesday Blitz AM"]
[Site "Chess.com"]
[Date "2020.01.07"]
[Round "8"]
[White "MarcoRiehle"]
[Black "OK97"]
[Result "0-1"]
[WhiteElo "2628"]
[BlackElo "2845"]
[TimeControl "180+2"]
[EndTime "10:50:46 PST"]
[Termination "OK97 won by resignation"]

1. d4 Nf6 2. Nf3 g6 3. Nbd2 Bg7 4. e4 d6 5. Bd3 O-O 6. O-O Nc6 7. c3 e5 8. Re1 exd4 9. cxd4 Nd7 10. Nb3 a5 11.
Bg5 Qe8 12. Bb5 h6 13. Bh4 a4 14. Nc1 a3 15. b3 Ra5 16. Bf1 Nb6 17. h3 g5 18. Bg3 g4 19. hxg4 Bxg4 20. e5 Bxf3 21. gxf3 dxe5 22. Nd3 Nxd4 23. b4 Rd5 24. Nf4 exf4 25.
Rxe8 Rxe8 26. Qc1 fxg3 27. Rb1 Nxf3+ 28. Kg2 Ne1+ 29. Kxg3 Rg5+ 30. Kh3 Nf3 31. Bg2 Nh4 32. Qxc7 Nxg2 33. Qxb6 Nf4+ 34. Kh2 Re2 35. Rf1 Be5 36. Qd8+ Kg7 37. Kh1 Rxa2 38. Rg1 Rxg1+ 39. Kxg1 Ra1+ 40. Kh2 Ne6+ 0-1

[Event "*** Titled Tuesday Blitz AM"]
[Site "Chess.com"]
[Date "2020.01.07"]
[Round "8"]
[White "Rhinos1"]
[Black "GelmanAlexander"]
[Result "0-1"]
[WhiteElo "2130"]
[BlackElo "2443"]
[TimeControl "180+2"]
[EndTime "10:50:47 PST"]
[Termination "GelmanAlexander won by checkmate"]

1. d4 Nf6 2. Nf3 c5 3. d5 e6 4. Nc3 b5 5. dxe6 fxe6 6. Nxb5 d5 7. e3 a6 8. Nc3 Bb7 9. Be2 Bd6 10. O-O O-O 11.
Re1 Nbd7 12. Bf1 Ng4 13. h3 Nxf2 14. Kxf2 d4 15. exd4 Qh4+ 16. Kg1 Rxf3 17. gxf3 Qg3+ 18.
Bg2 Rf8 19. Ne4 Qh2+ 20. Kf1 cxd4 21. Nxd6 Qxd6 22. Kg1 Ne5 23. Rf1 d3 24. Be3 Nc4 25. Bf2 d2 26. b3 Ne5 27. Qe2 Nxf3+ 28. Kh1 Qf4 29. Bg1 Qg3 30. Rxf3 Rxf3 31. Rd1 Qxh3+ 32. Bxh3 Rxh3# 0-1

[Event "*** Titled Tuesday Blitz AM"]
[Site "Chess.com"]
[Date "2020.01.07"]
[Round "8"]
[White "Hydrargyrum_Girl"]
[Black "BeanScreen"]
[Result "0-1"]
[WhiteElo "2227"]
[BlackElo "2390"]
[TimeControl "180+2"]
[EndTime "10:50:51 PST"]
[Termination "BeanScreen won by resignation"]

1. d4 d5 2. Nc3 Nf6 3. Bg5 Bf5 4. e3 Nbd7 5. Bd3 Bg6 6. Nf3 e6 7. O-O Bd6 8. Re1 c5 9. e4 cxd4 10. Nxd4 dxe4 11. Nxe4 Be5 12. Nxf6+ Bxf6 13. Bxg6 hxg6 14.
Bxf6 Nxf6 15. c3 O-O 16. Qf3 Qd5 17. Qxd5 Nxd5 18. Rad1 Rfc8 19. Nb3 Rab8 20. Rd4 b5 21. Red1 Rc4 22. a3 Kf8 23. Kf1 Ke7 24. Ke2 Nf4+ 25. Kf3 Nd5 26. g3 Rh8 27. h4 Rb8 28. Ke2 Rb6 29. Kd3 Nf6 30. Rxc4 bxc4+ 31. Kxc4 Ng4 32. Rd2 Ne5+ 33. Kd4 Nf3+ 34. Ke3 Nxd2 35. Nxd2 Rxb2 36. Nc4 Rc2 37. a4 Rxc3+ 38. Kd4 Rf3 39. Ne5 Rxf2 40.
Nc6+ Kf6 41. Nxa7 Ra2 42. Nc6 Rxa4+ 43. Ke3 Ra3+ 44. Kf2 e5 45. Nb4 e4 46. Nd5+ Ke5 47.
Nf4 Rf3+ 0-1

[Event "*** Titled Tuesday Blitz AM"]
[Site "Chess.com"]
[Date "2020.01.07"]
[Round "8"]
[White "hansen"]
[Black "SavelijTartakover"]
[Result "0-1"]
[WhiteElo "2879"]
[BlackElo "2718"]
[TimeControl "180+2"]
[EndTime "10:50:52 PST"]
[Termination "SavelijTartakover won by resignation"]

1. e4 e6 2. d4 d5 3. Nd2 c5 4. Ngf3 Nc6 5. Bb5 a6 6. Bxc6+ bxc6 7. O-O Nf6 8. Re1 Be7 9. b3 O-O 10. Ba3 Qa5 11. Qc1 Re8 12. Ne5 Bb7 13. dxc5 Bxc5 14.
Bxc5 Qxc5 15. c4 dxe4 16. Qc3 Rad8 17. Nxe4 Nxe4 18. Rxe4 f6 19. Nd3 Qd6 20. Re3 c5 21. Qa5 Rc8 22. Rae1 e5 23. h3 Qc6 24. Rg3 Red8 25.
Ree3 Rd4 26. Kh2 Qd6 27. Nb2 e4 28. Na4 f5 29. Re1 f4 30. Rg4 e3 31. f3 Rd2 32.
Kh1 h6 33. Qc3 Rc7 34. Qa5 Rxa2 35. Rg1 Rd2 36. Qc3 e2 37. Nb2 Re7 38. Re1 Qd4 39.
Qxd4 cxd4 40. Rxf4 Rxb2 41. Rxd4 Rxb3 42. Kg1 a5 43.
Kf2 Rb2 44. c5 Rc2 45. Ra4 Rxc5 46. Rxe2 Rxe2+ 47. Kxe2 Bc6 48. Ra1 Rc2+ 49. Kf1 a4 0-1

[Event "*** Titled Tuesday Blitz AM"]
[Site "Chess.com"]
[Date "2020.01.07"]
[Round "8"]
[White "GMKrikor"]
[Black "mikhaillushenkov"]
[Result "1-0"]
[WhiteElo "2870"]
[BlackElo "2651"]
[TimeControl "180+2"]
[EndTime "10:50:52 PST"]
[Termination "GMKrikor won by resignation"]

1. Nf3 d5 2. c4 d4 3. b4 c5 4. g3 g6 5. Bg2 Bg7 6. d3 Nf6 7. O-O Nfd7 8. b5 O-O 9. a4 a5 10.
Ra2 e5 11. e4 h6 12. Ne1 f5 13. f4 exf4 14. gxf4 Nb6 15. e5 Be6 16. Bxb7 Ra7 17. Bf3 g5 18. fxg5 hxg5 19. Rg2 g4 20. Be2 N8d7 21. h3 Nxe5 22. Bf4 Qh4 23. hxg4 fxg4 24. Bxe5 Rxf1+ 25. Bxf1 Bxe5 26. Nf3 Qf6 27. Nbd2 Bf4 28. Ne4 Be3+ 29. Kh1 Rh7+ 30. Nh2 Qh4 31. Be2 Rg7 32. Bxg4 Bxg4 33. Rxg4 Rxg4 34. Qxg4+ Qxg4 35. Nxg4 Nxa4 36.
b6 Nxb6 37. Nxc5 a4 38. Kg2 Kf7 39. Nxe3 dxe3 40. Kf3 Ke7 41. Kxe3 Kd6 42. Ne4+ Kc6 43. Kd4 Nd7 44. Kc3 Ne5 45. d4 Nf3 46. d5+ Kb6 47.
Kb4 Ne5 48. c5+ Kc7 49. Kxa4 Nc4 50. Kb5 Ne3 51. d6+ Kd7 52. c6+ Kc8 53. Kc5 1-0

[Event "*** Titled Tuesday Blitz AM"]
[Site "Chess.com"]
[Date "2020.01.07"]
[Round "8"]
[White "dianosky"]
[Black "DishonorOnYourCow"]
[Result "1-0"]
[WhiteElo "2368"]
[BlackElo "2228"]
[TimeControl "180+2"]
[EndTime "10:50:58 PST"]
[Termination "dianosky won by resignation"]

1. d4 Nf6 2. c4 g6 3. Nc3 d5 4. Bg5 Ne4 5. Nxe4 dxe4 6. Qd2 Bg7 7. e3 c5 8. d5 Nd7 9. Ne2 Ne5 10. Nc3 Bf5 11. Be2 h6 12. Bh4 g5 13. Bg3 Rc8 14. f3 exf3 15. gxf3 Qd7 16. h4 g4 17. f4 Nf3+ 18. Bxf3 gxf3 19. e4 Bg4 20. e5 Qf5 21. Kf2 h5 22. Rae1 Bh6 23. d6 Rd8 24. Nd5 exd6 25.
exd6+ Kf8 26. Ne7 Qf6 27. Rd1 Kg7 28. Rhe1 Rhe8 29. Qc3 Qxc3 30. bxc3 Be6 31. f5 Bxc4 32.
f6+ Kh7 33. Kxf3 Be6 34. a4 Bg4+ 35. Kf2 Bxd1 36. Rxd1 a6 37. c4 Bf8 38. Rd5 Bxe7 39. fxe7 Rd7 40. Rxh5+ Kg6 41. Rxc5 Kf6 42. Kf3 Ke6 43.
Rh5 Rxd6 44. Rh6+ f6 45. Bxd6 Kxd6 46. Rxf6+ Kxe7 47. Rb6 Rb8 48. h5 Kd7 49. Kg4 Kc7 50. Rg6 Rd8 51. Kg5 Rd4 52. h6 Rd1 53. h7 Rg1+ 54.
Kf6 Rh1 55. Kg7 1-0

[Event "*** Titled Tuesday Blitz AM"]
[Site "Chess.com"]
[Date "2020.01.07"]
[Round "8"]
[White "Fh2411"]
[Black "LLRChess"]
[Result "1-0"]
[WhiteElo "2506"]
[BlackElo "2322"]
[TimeControl "180+2"]
[EndTime "10:51:02 PST"]
[Termination "Fh2411 won on time"]

1. d4 Nf6 2. Nf3 g6 3. c4 Bg7 4. Nc3 d5 5. e3 O-O 6. cxd5 Nxd5 7. Bc4 Nb6 8. Bb3 N8d7 9. O-O c5 10. Qe2 cxd4 11.
Nxd4 Nc5 12. Rd1 Bd7 13. e4 e5 14. Ndb5 Nxb3 15. axb3 Qb8 16. Be3 Bxb5 17. Qxb5 Nc8 18. Bc5 a6 19. Qd7 Na7 20. Bxf8 Bxf8 21. Nd5 Nc6 22. Nb6 Ra7 23. Rac1 Bb4 24. Qc8+ Qxc8 25. Nxc8 Ra8 26. Nb6 Rb8 27. Rd7 Ba5 28. Nc4 Bd8 29. Rcd1 Be7 30. Nxe5 Bf6 31. Nxf7 Rf8 32. Nh6+ Kh8 33.
Rf7 Bg7 34. Rxf8+ Bxf8 35. Nf7+ Kg8 36. Nd8 1-0

[Event "*** Titled Tuesday Blitz AM"]
[Site "Chess.com"]
[Date "2020.01.07"]
[Round "8"]
[White "Sanan_Sjugirov"]
[Black "David_Paravyan"]
[Result "0-1"]
[WhiteElo "2945"]
[BlackElo "2880"]
[TimeControl "180+2"]
[EndTime "10:51:04 PST"]
[Termination "David_Paravyan won by resignation"]

1. d4 Nf6 2. c4 e6 3. Nf3 d5 4. Nc3 Bb4 5. Qb3 a5 6. a3 a4 7.
Qc2 Bxc3+ 8. bxc3 dxc4 9. Rb1 Qd5 10. Ng5 h6 11. Nh3 e5 12. dxe5 Qxe5 13. Bf4 Qc5 14. e4 O-O 15. Rb4 b5 16. Be3 Qe5 17. Bd4 Qxe4+ 18. Qxe4 Nxe4 19. Rxb5 Re8 20. Re5 Rxe5 21. Bxe5 Nc6 22. Bxc7 Bxh3 23. gxh3 Re8 24. Rg1 Nxc3+ 25. Kd2 Nb5 26. Bf4 c3+ 27. Kd3 Re1 28. Bxh6 g6 29.
Rh1 Ne5+ 30. Kc2 Nxa3+ 31. Kxc3 Nb5+ 32. Kc2 Nd4+ 33. Kb2 Nd3+ 34. Kc3 Nxf2 35. Kd2 Nf3+ 0-1